 Dungeon Crawl Stone Soup version 0.25-a0-504-g768f60d (webtiles) character file.

Game seed: 8864318039054266131, levelgen mode: deterministic

102 Faels the Skirmisher (level 5, -2/42 HPs)
             Began as a Formicid Fighter on Feb 14, 2020.
             Slain by Grinder (6 damage)
             ... on level 3 of the Dungeon.
             The game lasted 00:05:00 (2082 turns).

Faels the Skirmisher (Formicid Fighter)             Turns: 2082, Time: 00:05:01

Health: -2/42      AC:  6    Str: 20    XL:     5   Next: 5%
Magic:  5/5        EV:  7    Int:  8    God:
Gold:   107        SH:  9    Dex: 11    Spells: 4/4 levels left

rFire    . . .     SeeInvis +   a - +0 trident
rCold    . . .     Gourm    .   c - +0 kite shield
rNeg     . . .     Faith    .   b - +0 scale mail
rPois    .         Spirit   .   (helmet unavailable)
rElec    .         Reflect  .   (no cloak)
rCorr    .         Harm     .   (no gloves)
MR       .....                  (no boots)
Stlth    ..........             (no amulet)
HPRegen  0.14/turn              (no ring)
MPRegen  0.09/turn              (no ring)

@: no status effects
A: permanent stasis, dig shafts and tunnels, four strong arms, antennae 3
a: Dig, Shaft Self


You were on level 3 of the Dungeon.
You were not hungry.

You visited 1 branch of the dungeon, and saw 3 of its levels.

You collected 107 gold pieces.

Inventory:

Hand Weapons
 a - a +0 trident (weapon)
 j - a +2 short sword of distortion
 n - a +0 dagger of venom
 q - a cursed -2 dagger
Missiles
 p - 7 poisoned darts (quivered)
Armour
 b - a +0 scale mail (worn)
 c - a +0 kite shield (worn)
Scrolls
 d - a scroll of blinking {unknown}
 i - a scroll of enchant weapon {unknown}
 k - a scroll of identify {unknown}
 m - a scroll of amnesia {unknown}
 o - a scroll of remove curse {unknown}
Potions
 e - a potion of flight {unknown}
 h - 2 potions of curing {unknown}
 l - 2 potions of heal wounds {unknown}
Comestibles
 f - 4 rations
 g - 9 chunks of flesh


   Skills:
 + Level 4.3 Fighting
 * Level 4.1 Polearms
 - Level 3.2 Armour
 - Level 3.6 Shields


You had 4 spell levels left.
You didn't know any spells.
Your spell library was empty.

Dungeon Overview and Level Annotations

Branches:
Dungeon (3/15)

Altars:

Annotations:
D:3 Grinder


Innate Abilities, Weirdness & Mutations

You cannot be hasted, slowed, berserked, paralysed or teleported.
You can dig through walls and to a lower floor.
Your four strong arms can wield two-handed weapons with a shield.
You have a pair of large antennae on your head. (SInv)


Message History

Found a stone staircase leading up.
You closely miss Grinder.
Grinder is moderately wounded.
Grinder says, "Don't move a muscle."
Grinder hits you.
You puncture Grinder!
Grinder is heavily wounded.
You block Grinder's attack.
You closely miss Grinder.
Grinder is heavily wounded.
Grinder rolls her eyes.
Grinder hits you.
You writhe in agony.
* * * LOW HITPOINT WARNING * * *
You block Grinder's attack.
You hit Grinder.
Grinder is heavily wounded.
Grinder hits you.
* * * LOW HITPOINT WARNING * * *
You writhe in agony.
You die...

{ #. .. #8 #.
####### # #<
#.....### ##.
#........ ..
+........ #.
#####+#........
#.###..............
#.@5l..............
#####..............
#..............
#.......#######
#####...# #...#
#†..# #...# ......


You could see Grinder and a frilled lizard.

Vanquished Creatures
  2 adders
  2 worms
  4 dart slugs
  2 leopard geckos
  An orc (D:3)
  6 bats
  4 giant cockroaches
  7 goblins
  8 hobgoblins
  10 jackals
  2 ball pythons
  6 frilled lizards
  5 kobolds
  2 rats
  A bush (D:1)
  2 plants (D:1)
64 creatures vanquished.

Notes
Turn   | Place    | Note
-------+----------+-------------------------------------------
     0 | D:1      | Faels the Formicid Fighter began the quest for the Orb.
     0 | D:1      | Reached XP level 1. HP: 18/18 MP: 1/1
   114 | D:1      | Reached XP level 2. HP: 24/24 MP: 2/2
   454 | D:1      | Reached XP level 3. HP: 30/30 MP: 3/3
  1280 | D:2      | Reached XP level 4. HP: 37/37 MP: 4/4
  1964 | D:3      | Reached XP level 5. HP: 31/42 MP: 5/5
  2050 | D:3      | Noticed Grinder
  2082 | D:3      | Slain by Grinder

Levels and vault maps discovered:
D:1:      dpeg_arrival_tiny_k, layout_rooms, serial_forest,
          infiniplex_forest_clump_diagonal, infiniplex_forest_clump_diagonal,
          infiniplex_forest_corner_1, infiniplex_forest_corner_1,
          infiniplex_forest_straight_3, infiniplex_forest_end_3,
          infiniplex_forest_clump_double, infiniplex_forest_clump_medium
D:2:      layout_rooms, kennysheep_minor_cross
D:3:      layout_basic, nicolae_overflow_hidden_temple, first_ration, uniq_ijyb,
          uniq_crazy_yiuf_cottage, uniq_grinder

Skill      XL: |  1  2  3  4 |
---------------+-------------+-----
Polearms       | 3 4 |  4.1
Fighting       | 4 |  4.3
Armour         | |  3.2
Shields        | |  3.6

Action                   |  1- 3 |  4- 6 || total
-------------------------+-------+-------++-------
Melee: Trident           |   264 |   127 ||   391
  Use: Potion            |       |     1 ||     1
  Eat: Chunk             |     2 |     3 ||     5
Armor: Scale mail        |    68 |    51 ||   119
Dodge: Dodged            |    45 |    36 ||    81
Block: Kite shield       |    70 |    71 ||   141

Table legend:
 A = Non-vault XP
 B = Vault XP
 C = Vault XP percentage of total XP
 D = Non-vault monster count
 E = Vault monster count
 F = Vault count percentage of total count
                 A         B        C        D         E       F
            +---------+---------+-------+---------+---------+-------
      Total |     146 |       0 |   0.0 |      61 |       0 |   0.0
            +---------+---------+-------+---------+---------+-------
        D:1 |      30 |       0 |   0.0 |      16 |       0 |   0.0
        D:2 |      66 |       0 |   0.0 |      26 |       0 |   0.0
        D:3 |      50 |       0 |   0.0 |      19 |       0 |   0.0
            +---------+---------+-------+---------+---------+-------
